 Dungeon Crawl Stone Soup version 0.24.0-41-g2ae2f7f1be (webtiles) character file.

Game seed: 599344098324655863, levelgen mode: deterministic

4205 Delamore the Severer (level 10, -4/86 HPs)
             Began as a Hill Orc Fighter on Dec 11, 2019.
             Was a Believer of Okawaru.
             Slain by a nine-headed hydra (10 damage)
             ... on level 9 of the Dungeon.
             The game lasted 00:09:30 (8105 turns).

Delamore the Severer (Hill Orc Fighter)             Turns: 8105, Time: 00:09:32

Health: -4/86      AC: 16    Str: 28    XL:     10   Next: 29%
Magic:  10/10      EV:  5    Int:  8    God:    Okawaru [**....]
Gold:   472        SH: 10    Dex: 10    Spells: 9/9 levels left

rFire    . . .     SeeInvis .   A - +0 war axe (chop)
rCold    + . .     Gourm    .   c - +0 shield
rNeg     . . .     Faith    .   K - +0 plate armour
rPois    .         Spirit   .   u - +0 helmet
rElec    .         Reflect  .   F - +0 cloak
rCorr    .         Harm     .   r - +0 pair of gloves
MR       .....                  n - +0 pair of boots
Stlth    ..........             (no amulet)
HPRegen  0.24/turn              i - ring of wizardry
MPRegen  0.12/turn              k - ring of protection from cold

@: mighty, barbed spikes
A: no striking features
a: Heroism, Renounce Religion


You were on level 9 of the Dungeon.
You worshipped Okawaru.
Okawaru was pleased with you.
You were not hungry.

You visited 2 branches of the dungeon, and saw 10 of its levels.

You collected 472 gold pieces.

Inventory:

Hand Weapons
 a - a +0 war axe
 m - a cursed +3 battleaxe
 v - a +2 hand axe of chopping
 A - a +0 war axe of chopping (weapon)
Missiles
 x - a throwing net
 G - 10 poisoned darts
 L - 3 javelins (quivered)
Armour
 c - a +0 shield (worn)
 n - a +0 pair of boots (worn)
 r - a +0 pair of gloves (worn)
 u - a +0 helmet (worn)
 F - a +0 cloak (worn)
 K - a +0 plate armour (worn)
Jewellery
 i - a ring of wizardry (left hand)
 k - a ring of protection from cold (right hand)
Wands
 y - a wand of iceblast (14)
 C - a wand of enslavement (22)
 J - a wand of random effects (24)
Scrolls
 e - 6 scrolls of teleportation {unknown}
 g - 12 scrolls of identify {unknown}
 h - 4 scrolls of magic mapping {unknown}
 j - 3 scrolls of amnesia {unknown}
 l - 5 scrolls of remove curse {unknown}
 p - 3 scrolls of enchant weapon {unknown}
 w - a scroll of fear {unknown}
 B - a scroll of random uselessness {unknown}
 H - a scroll of blinking {unknown}
 I - a scroll of summoning {unknown}
 N - a scroll of fog {unknown}
 O - a scroll of noise {unknown}
Potions
 d - 3 potions of might
 o - 2 potions of haste
 q - a potion of berserk rage {unknown}
 s - 3 potions of brilliance {unknown}
 t - 3 potions of flight {unknown}
 z - a potion of heal wounds {unknown}
 D - a potion of degeneration {unknown}
 E - 3 potions of curing
 M - a potion of invisibility {unknown}
 P - 2 potions of lignification {unknown}
Comestibles
 b - a chunk of flesh
 f - 15 rations


   Skills:
 + Level 7.0 Fighting
 + Level 16.7 Axes
 - Level 3.2 Armour
 - Level 3.2 Shields


You had 9 spell levels left.
You didn't know any spells.
Your spell library contained the following spells:

 Spells                   Type           Power        Failure   Level  Hunger
 Shock                    Conj/Air       #...         100%        1    ##.....
 Swiftness                Chrm/Air       #.......     100%        2    ###....
 Static Discharge         Conj/Air       #.......     100%        3    ####...
 Airstrike                Air            #.........   100%        4    #####..
 Lightning Bolt           Conj/Air       #.........   100%        5    ######.


Dungeon Overview and Level Annotations

Branches:
Dungeon (9/15)             Temple (1/1) D:6
   Lair: D:8-11         Orc: D:9-12

Altars:
Ashenzari
Cheibriados
Dithmenos
Elyvilon
Fedhas
Gozag
Hepliaklqana
Kikubaaqudgha
Nemelex Xobeh
Okawaru
Trog
Xom
Zin
The Shining One


Message History

The nine-headed hydra bites you.
* * * LOW HITPOINT WARNING * * *
You block the nine-headed hydra's attack.
The nine-headed hydra bites you.
* * * LOW HITPOINT WARNING * * *
You block the nine-headed hydra's attack. x2
It was a potion of curing.
You feel better.
A hound comes into view.
The phantom blinks!
You block the nine-headed hydra's attack.
The nine-headed hydra bites you but does no damage.
You block the nine-headed hydra's attack.
The nine-headed hydra bites you but does no damage.
The nine-headed hydra barely misses you.
The nine-headed hydra bites you but does no damage.
The nine-headed hydra bites you.
* * * LOW HITPOINT WARNING * * *
The nine-headed hydra bites you but does no damage.
The nine-headed hydra bites you!
You die...

#.###.#.### #..........
.## #.......... . .$ #
###''#####.. . .. .#
####..#### #.. .#. ..#
.........# #(.###h###..#
.....#....##)...H..#..W#
.....#....# #)"D....#
....##....# #@..#
)...#......# ##..# #
....#...#### ####..## .#
....#...# #.##...#..#
..###...# #.##..#ยง..#
..#.....# #.##...#..#
..#.....# #..'..##..+
###.....# #..'..# .+
........# #.##..# #


You could see a nine-headed hydra, a manticore, a phantom and a hound.

Vanquished Creatures
  2 hippogriffs
  A steam dragon (D:9)
  2 sky beasts
  An orc warrior (D:9)
  A black bear (D:6)
  4 ogres
  A phantom (D:5)
  8 centaurs
  A crocodile (D:9)
  4 bullfrogs
  4 scorpions
  6 wights
  2 crimson imps
  3 howler monkeys
  3 bullfrog zombies
  A hound (D:9)
  3 orc priests
  2 jellies (D:8)
  10 orc wizards
  A gnoll shaman (D:5)
  6 iguanas
  A centaur skeleton (D:6)
  8 worker ants
  A worker ant zombie (D:7)
  8 adders
  10 gnolls
  4 shadow imps
  An ooze (D:6)
  2 adder skeletons
  An adder zombie (D:3)
  2 worms
  A dart slug (D:3)
  4 leopard geckos
  33 orcs
  9 bats
  8 giant cockroaches
  10 goblins
  11 hobgoblins
  22 jackals
  5 quokkas
  3 ball pythons (D:3)
  6 frilled lizards
  10 kobolds
  2 leopard gecko skeletons
  A leopard gecko zombie (D:9)
  11 rats
240 creatures vanquished.

Notes
Turn   | Place    | Note
-------+----------+-------------------------------------------
     0 | D:1      | Delamore the Hill Orc Fighter began the quest for the Orb.
     0 | D:1      | Reached XP level 1. HP: 19/19 MP: 1/1
    49 | D:1      | Reached skill level 3 in Axes
   160 | D:1      | Reached XP level 2. HP: 26/26 MP: 2/2
   230 | D:1      | Reached skill level 4 in Axes
   572 | D:1      | Reached XP level 3. HP: 31/31 MP: 3/3
   875 | D:2      | Reached skill level 5 in Axes
  1414 | D:2      | Reached XP level 4. HP: 38/39 MP: 4/4
  1796 | D:3      | Reached skill level 6 in Axes
  1972 | D:3      | Reached XP level 5. HP: 36/45 MP: 5/5
  1979 | D:3      | Reached skill level 7 in Axes
  2322 | D:3      | Reached skill level 8 in Axes
  2354 | D:3      | Reached XP level 6. HP: 44/51 MP: 6/6
  3044 | D:4      | Reached skill level 9 in Axes
  3287 | D:4      | Reached XP level 7. HP: 50/57 MP: 7/7
  3293 | D:4      | Found a hazy altar of Hepliaklqana.
  3373 | D:4      | Reached skill level 10 in Axes
  3868 | D:4      | Found an opulent altar of Gozag.
  4066 | D:5      | Entered Level 5 of the Dungeon
  4177 | D:5      | Reached skill level 11 in Axes
  4263 | D:5      | Found a blossoming altar of Fedhas.
  4326 | D:5      | Reached XP level 8. HP: 48/64 MP: 8/8
  4389 | D:5      | Noticed a hippogriff
  4404 | D:5      | Reached skill level 12 in Axes
  4448 | D:5      | Killed a hippogriff
  4466 | D:5      | Reached skill level 13 in Axes
  4789 | D:5      | Reached skill level 14 in Axes
  4789 | D:5      | Reached XP level 9. HP: 64/70 MP: 9/9
  4970 | D:6      | Found a staircase to the Ecumenical Temple.
  4978 | Temple   | Entered the Ecumenical Temple
  5026 | Temple   | Became a worshipper of Warmaster Okawaru
  5647 | D:6      | Reached skill level 15 in Axes
  5868 | D:7      | Found a shadowy altar of Dithmenos.
  6573 | D:8      | Reached * piety under Okawaru
  6760 | D:8      | Found a snail-covered altar of Cheibriados.
  6845 | D:8      | Reached skill level 16 in Axes
  6905 | D:8      | Reached skill level 5 in Fighting
  7230 | D:8      | Reached XP level 10. HP: 81/81 MP: 10/10
  7749 | D:9      | Reached ** piety under Okawaru
  8098 | D:9      | Noticed an eight-headed hydra
  8101 | D:9      | Noticed a manticore
  8104 | D:9      | HP: 3/86 [nine-headed hydra (4)]
  8105 | D:9      | Slain by a nine-headed hydra

Levels and vault maps discovered:
D:1:      dpeg_arrival_rhombi, layout_loops_ring, minivault_11
D:2:      layout_rooms, corexii_hall_statues_s
D:3:      layout_basic
D:4:      layout_rooms, grunt_gozag_statues, lemuel_round_altar
D:5:      cheibrodos_barr_body, layout_basic, lemuel_crystal_altar,
          first_ration, minmay_joined_circles
D:6:      layout_gridville, temple_doors_cd, minivault_22
D:7:      layout_loops_cross, nicolae_dithmenos_shadow_blocks,
          minmay_tree_intersection
D:8:      layout_basic, kennysheep_little_box
D:9:      layout_irregular_city, david_orc_5, hangedman_little_slice_of_home,
          hangedman_corner_corridor
Temple:   minmay_crystal_spiral_temple

Skill      XL: |  1  2  3  4  5  6  7  8  9 10 |
---------------+-------------------------------+-----
Axes           | 3 4 5 6 8 9 11 14 16 | 16.7
Fighting       | 5 7 |  7.0
Armour         | |  3.2
Shields        | |  3.2

Action                   |  1- 3 |  4- 6 |  7- 9 | 10-12 || total
-------------------------+-------+-------+-------+-------++-------
Melee: War axe           |   128 |   204 |   318 |    87 ||   737
       Hand axe          |       |       |    86 |       ||    86
Throw: Throwing net      |       |       |     1 |       ||     1
Evoke: Wand              |       |       |       |     3 ||     3
  Use: Potion            |       |       |       |     2 ||     2
  Eat: Chunk             |     2 |     6 |    13 |     3 ||    24
Armor: Scale mail        |    64 |   126 |    68 |       ||   258
       Plate armour      |       |       |    78 |    56 ||   134
Dodge: Dodged            |    48 |    94 |    58 |    15 ||   215
Block: Shield            |    70 |   114 |   132 |    36 ||   352
